 Dungeon Crawl Stone Soup version 0.15-a0-244-g7dd1917 (webtiles) character file.

252 PolkaDot the Vexing (level 4, -3/30 HPs)
             Began as a Vampire Enchanter on Apr 26, 2014.
             Slain by an orc
             ... wielding a +0,+1 flail of draining
              (9 damage)
             ... on Level 3 of the Dungeon.
             The game lasted 00:09:14 (2480 turns).

PolkaDot the Vexing (Vampire Enchanter)             Turns: 2480, Time: 00:09:14

HP  -3/30        AC  2     Str  7      XL: 4   Next: 80%
MP   0/7         EV 12     Int 22      God:
Gold 129         SH  0     Dex 15      Spells:  2 memorised,  4 levels left

rFire  . . .     SeeInvis +     a - +1 dagger
rCold  + + .     Clarity  .     b - +1 robe
rNeg   + + +     Conserve .     (no shield)
rPois  +         rCorr    .     s - +0 helmet
rElec  .         rRot     +     (no cloak)
SustAb . .       Spirit   .     (no gloves)
rMut   .         Warding  .     (no boots)
Saprov . . .     Stasis   .     (no amulet)
MR     .....                    (no ring)
                                l - cursed -2 ring of protection

@: regenerating slowly, brilliant, not resistant to hostile enchantments, quite
stealthy
A: fangs 3, see invisible, unbreathing
a: Bat Form


You were on level 3 of the Dungeon.
You were near bloodless.

You visited 1 branch of the dungeon, and saw 3 of its levels.

You collected 129 gold pieces.

Inventory:

Hand weapons
 a - a +1,+1 dagger (weapon)
Missiles
 d - 12 darts (quivered)
Armour
 b - a +1 robe (worn)
 s - a +0 helmet (worn)
Scrolls
 e - a scroll of magic mapping {unknown}
 f - a scroll of remove curse {unknown}
 h - 2 scrolls of immolation {unknown}
 n - a scroll of enchant weapon II {unknown}
 p - a scroll of identify {unknown}
Jewellery
 l - a cursed -2 ring of protection (left hand)
Potions
 g - 3 potions of brilliance
 i - a potion of restore abilities {unknown}
 j - a potion of paralysis {unknown}
 k - 2 potions of invisibility {unknown}
 m - 3 potions of flight {unknown}
 o - a potion of lignification {unknown}
 q - a potion of magic {unknown}
 r - 2 potions of curing {unknown}
Books
 c - a book of Maledictions

   Spells                             Type                      Level
   *Corona                            Hexes                        1
   Sure Blade                         Hexes/Charms                 2
   *Ensorcelled Hibernation           Hexes/Ice                    2
   Confuse                            Hexes                        3
   Dazzling Spray                     Conjuration/Hexes            3
   Enslavement                        Hexes                        4


   Skills:
 + Level 2.4 Short Blades
 - Level 0.7 Throwing
 - Level 2.1 Dodging
 + Level 4.5 Stealth
 - Level 2.0 Spellcasting
 * Level 6.7 Hexes


You had 4 spell levels left.
You knew the following spells:

 Your Spells              Type           Power        Failure   Level  Hunger
a - Corona                Hex            #####..      1%          1    #......
d - Ensorcelled Hibernat  Hex/Ice        ####..       1%          2    ##.....


Dungeon Overview and Level Annotations

Branches:
Dungeon (3/15)

Altars:

Annotations:
D:3 Grinder


Innate Abilities, Weirdness & Mutations

You heal slowly.
You have razor-sharp teeth.*
You have supernaturally acute eyesight.
You can survive without breathing.*


Message History

You hit the orc but do no damage. You barely miss the orc.
The orc priest calls down the wrath of Beogh upon you.
Something smites you! The orc hits you with a runed flail!
* * * LOW HITPOINT WARNING * * *
Drink which item? (? for menu, Esc to quit)
You feel clever all of a sudden.
It was a potion of brilliance.
The orc hits you with a runed flail.
* * * LOW HITPOINT WARNING * * *
An orc comes into view. It is wielding a flail.
Casting: Ensorcelled Hibernation
Confirm with . or Enter, or press ? or * to list all spells.
Aiming: Ensorcelled Hibernation
Press: ? - help, Shift-Dir - straight line, f/p - orc priest
Aim: an orc priest, wielding a short sword The orc priest resists with significant effort.
* * * LOW MAGIC WARNING * * *
The orc priest hits you but does no damage.
The orc hits you with a runed flail!
You die...

#.# # #.# .#### #.# ....
#.# #..# ###.# ##..#
#####.#.## ##.).#.#
##.......########o....#
'...............oo##.......
##.....#.#######@## .....
##.##.##.# #.# 5#.#
#.#####.# #.# # # #.#####.#
#.. #.......# #.. #.#######
#.#. #.# #.#. #.# #.#.# #.#
#.#


You could see an orc priest and 2 orcs.

Vanquished Creatures
  An orc priest (D:3)
  2 adders (D:2)
  A giant mite (D:1)
  A worm (D:2)
  4 giant geckos
  12 bats
  2 giant cockroaches
  3 goblins
  4 hobgoblins (D:1)
  7 jackals
  11 kobolds
  4 quokkas
  4 giant newts
  7 rats
63 creatures vanquished.

Notes
Turn   | Place    | Note
--------------------------------------------------------------
     0 | D:1      | PolkaDot, the Vampire Enchanter, began the quest for the Orb.
     0 | D:1      | Reached XP level 1. HP: 13/13 MP: 3/3
     0 | D:1      | Noticed an iron imp
     3 | D:1      | Noticed Kount the pandemonium lord
     4 | D:1      | Noticed a hell beast
     6 | D:1      | Noticed an Executioner
   143 | D:1      | Reached XP level 2. HP: 8/19 MP: 2/4
   148 | D:1      | Reached skill level 5 in Hexes
   296 | D:1      | Learned a level 2 spell: Ensorcelled Hibernation
   399 | D:1      | Noticed a chaos spawn
   401 | D:1      | Noticed an iron devil
   903 | D:1      | Reached XP level 3. HP: 24/24 MP: 3/6
  1221 | D:2      | Reached skill level 6 in Hexes
  1597 | D:2      | Reached XP level 4. HP: 21/30 MP: 0/7
  2464 | D:3      | Noticed Grinder
  2480 | D:3      | Slain by an orc

Action                   |  1- 3 |  4- 6 || total
-------------------------+-------+-------++-------
Melee: Dagger            |   118 |    40 ||   158
 Cast: Corona            |     8 |       ||     8
       Ensorcelled Hiber |    25 |    17 ||    42
  Use: Potion            |     1 |     1 ||     2
 Stab: Sleeping          |    24 |    12 ||    36
